Rangers vs Lightning

Created - 13 avril 2020 at 16:26

Goals
1 2 3 T
Rangers 1 2 1 4
Lightning 1 1 1 3
Shots
1 2 3 T
Rangers 11 13 18 42
Lightning 8 13 4 25

1st period

1. Lightning , Cedric Paquette 9 (Matt Cullen 13, Andrew Cogliano 7) at 17:18
2. Rangers , Jason Zucker 26 (Nazem Kadri 49) at 17:37

Penalties :
Ben Harpur (NYR) for Boarding (Minor) at 5:18, Nazem Kadri (NYR) for Roughing (Minor) at 11:33, Alexandar Georgiev (NYR) for Slashing (Minor) at 18:51 - Dan Girardi served the penalty

2nd period

3. Rangers , Matt Duchene 36 (Dan Girardi 17) at 7:35
4. Rangers , Johan Larsson 7 (Vinnie Hinostroza 21, Tyler Bozak 34) at 8:32
5. Lightning , Cedric Paquette 10 (Ryan Dzingel 30, Andrej Sekera 12) at 14:42

Penalties :
Ben Harpur (NYR) for Hooking (Minor) at 15:24

3rd period

6. Rangers , Nazem Kadri 23 (Justin Williams 20, Jason Zucker 28) at 8:53 (PP)
7. Lightning , Mikko Koivu 16 (Jon Marchessault 28) at 16:54

Penalties :
Nicolas Deslauriers (TAM) for Holding (Minor) at 7:10

Goalie Stats

Alexandar Georgiev (NYR), 22 saves from 25 shots - (0,880), W, 12-5-0, 60:00 minutes
Jake Oettinger (TAM), 38 saves from 42 shots - (0,905), L, 12-13-6, 59:43 minutes

Players Stats for Rangers

Player Name              G  A  P  +/- PIM S  H  SB GA TA FO     MP     PP MP  PK MP  
------------------------------------------------------------------------------------
Adam Pelech              0  0  0  -1  0   1  0  0  0  4  0/0    14:52   0:00   0:00 
Ben Harpur               0  0  0  -1  4   0  1  0  0  1  0/0     6:55   0:00   0:50 
Brayden Schenn           0  0  0   0  0   3  6  0  2  0  0/1    17:34   0:27   1:19 
Caleb Jones              0  0  0   0  0   2  1  0  0  0  0/0    10:46   0:30   0:00 
Dan Girardi              0  1  1   0  0   1  0  1  1  1  0/0    18:49   1:13   2:51 
Erik Karlsson            0  0  0   1  0   3  1  0  0  1  0/0    22:11   0:30   1:55 
Jason Spezza             0  0  0   0  0   0  0  0  0  0  1/1     7:17   0:00   0:00 
Jason Zucker             1  1  2  -1  0   5  1  0  1  0  0/0    16:01   1:16   0:00 
Johan Larsson            1  0  1   1  0   7  1  0  0  0  4/8    16:28   0:00   3:57 
Justin Williams          0  1  1  -1  0   1  1  0  0  0  0/0    16:01   1:16   0:00 
Kyle Connor              0  0  0   0  0   4  0  1  0  0  1/2    16:46   0:27   0:38 
Matt Duchene             1  0  1   0  0   5  0  0  1  0  10/21  16:04   0:27   0:00 
Matt Niskanen            0  0  0   1  0   0  3  1  0  2  0/0    25:49   0:00   5:15 
Nazem Kadri              1  1  2  -1  2   3  0  0  0  2  10/19  16:07   1:16   0:00 
Oskar Sundqvist          0  0  0   0  0   1  1  0  0  0  1/1    12:29   0:00   3:57 
Pierre-Edouard Bellemare 0  0  0   0  0   0  0  0  0  1  0/0    11:54   0:00   3:21 
Ron Hainsey              0  0  0   0  0   0  1  2  0  0  0/0    20:46   1:13   5:01 
Tyler Bozak              0  1  1   1  0   5  1  0  0  0  8/9    13:56   0:00   2:40 
Vinnie Hinostroza        0  1  1   1  0   1  1  0  0  0  0/0    11:16   0:00   0:00 

Players Stats for Lightning

Player Name              G  A  P  +/- PIM S  H  SB GA TA FO     MP     PP MP  PK MP  
------------------------------------------------------------------------------------
Alexander True           0  0  0   0  0   0  0  0  0  0  0/0     1:09   0:00   0:00 
Andrej Sekera            0  1  1   0  0   1  0  1  0  1  0/0    25:12   3:39   1:22 
Andrew Cogliano          0  1  1   1  0   1  1  2  2  0  0/0    11:36   0:00   0:00 
Cedric Paquette          2  0  2   2  0   2  2  0  1  0  1/1    12:06   0:02   1:22 
Chris Wagner             0  0  0  -1  0   1  1  0  2  0  0/2    10:35   0:00   0:00 
Colin Miller             0  0  0   0  0   0  4  1  0  0  0/0    24:14   3:39   1:22 
Eric Tangradi            0  0  0   0  0   0  0  0  0  0  0/0     0:00   0:00   0:00 
Jon Marchessault         0  1  1   1  0   2  3  0  1  0  0/2    18:18   3:42   0:00 
Matt Cullen              0  1  1   2  0   1  1  0  0  1  4/8    14:39   0:05   1:22 
Michael Stone            0  0  0   0  0   2  2  2  0  1  0/0    30:30   4:17   0:21 
Mikko Koivu              1  0  1   1  0   4  3  0  1  0  14/26  19:23   3:42   0:00 
Nick Foligno             0  0  0  -2  0   3  2  1  3  0  0/0    20:41   4:12   0:00 
Nicolas Deslauriers      0  0  0  -1  2   2  1  1  0  0  0/2    19:59   4:09   0:00 
Noah Hanifin             0  0  0  -1  0   0  0  1  0  0  0/0    14:07   0:00   0:00 
Parker Wotherspoon       0  0  0   0  0   0  2  1  0  0  0/0    25:23   4:17   0:21 
Ryan Dzingel             0  1  1   1  0   3  3  0  1  1  1/1    18:39   3:42   0:21 
Ryan Nugent-Hopkins      0  0  0  -2  0   3  2  0  1  0  7/20   20:49   4:14   0:00 
Tyson Jost               0  0  0  -1  0   0  0  1  0  1  0/0    10:56   0:00   0:21 

3 Stars

1 - Cedric Paquette (TAM)
2 - Mikko Koivu (TAM)
3 - Johan Larsson (NYR)

Power Play

Rangers - 1 on 1 Attempt(s) - 100,00%
Lightning - 0 on 4 Attempt(s) - 0,00%

Penalty Kill

Rangers - 4 on 4 Attempt(s) - 100,00% - Score 0 goal in Penalty Kill
Lightning - 0 on 1 Attempt(s) - 0,00% - Score 0 goal in Penalty Kill

Team Stat

Rangers - Hits : 19 - Faceoff Wins : 35 - Blocked Shots : 5 - Penalty Minutes : 8
Lightning - Hits : 27 - Faceoff Wins : 27 - Blocked Shots : 11 - Penalty Minutes : 2

Official

Referees : Dan O'Halloran and Mike Hasenfratz
Linesman : Ryan Galloway and Thor Nelson

Game Notes

Alexander True is injured at 4:21 of 1st period (Chest/Ribs)

Finance

Level 1 -- Attendance: 6000 (100,00%) -- Ticket Income 510 000 $
Level 2 -- Attendance: 3363 (67,26%) -- Ticket Income 252 225 $
Level 3 -- Attendance: 1186 (59,30%) -- Ticket Income 65 230 $
Level 4 -- Attendance: 1928 (48,20%) -- Ticket Income 77 120 $
Luxury Box -- Attendance: 932 (93,20%) -- Ticket Income 139 800 $
Game was played at the Tampa Baseball Stadium.
Total Attendance: 13409 (74,49%)
Total Ticket Income: 1 044 375 $
Other Income: 511 744 $
Total Income: 1 556 119 $

Rangers

5 vs 5 Forward 
   Center                   Left Wing                Right Wing               Time % Phy DF OF 
 1 Matt Duchene             Kyle Connor              Brayden Schenn           35     0   1  4  
 2 Nazem Kadri              Jason Zucker             Justin Williams          32     0   2  3  
 3 Tyler Bozak              Johan Larsson            Vinnie Hinostroza        23     0   2  3  
 4 Jason Spezza             Oskar Sundqvist          Pierre-Edouard Bellemare 10     0   4  1  

5 vs 5 Defense 
   Defense                  Defense                                           Time % Phy DF OF 
 1 Erik Karlsson            Matt Niskanen                                     40     1   2  2  
 2 Dan Girardi              Ron Hainsey                                       29     1   2  2  
 3 Adam Pelech              Caleb Jones                                       20     0   3  2  
 4 Adam Pelech              Ben Harpur                                        11     1   2  2  

PowerPlay Forward 
   Center                   Left Wing                Right Wing               Time % Phy DF OF 
 1 Matt Duchene             Kyle Connor              Brayden Schenn           60     0   1  4  
 2 Nazem Kadri              Jason Zucker             Justin Williams          40     0   1  4  

PowerPlay Defense
   Defense                  Defense                                           Time % Phy DF OF 
 1 Erik Karlsson            Caleb Jones                                       60     0   1  4  
 2 Ron Hainsey              Dan Girardi                                       40     0   1  4  

Penalty Kill 4 Players Forward 
   Center                   Wing                     Time % Phy DF OF 
 1 Johan Larsson            Oskar Sundqvist          60     0   5  0  
 2 Tyler Bozak              Pierre-Edouard Bellemare 40     0   5  0  

Penalty Kill 4 Players Defense
   Defense                  Defense                  Time % Phy DF OF 
 1 Matt Niskanen            Ron Hainsey              60     0   5  0  
 2 Ben Harpur               Dan Girardi              40     0   5  0  

Penalty Kill - 3 Players Forward 
   Forward                                           Time % Phy DF OF 
 1 Johan Larsson                                     60     0   5  0  
 2 Oskar Sundqvist                                   40     0   5  0  

Penalty Kill - 3 Players Defense
   Defense                  Defense                  Time % Phy DF OF 
 1 Matt Niskanen            Ron Hainsey              60     0   5  0  
 2 Dan Girardi              Ben Harpur               40     0   5  0  

4 vs 4 Forward 
   Center                   Wing                     Time % Phy DF OF 
 1 Nazem Kadri              Vinnie Hinostroza        60     0   2  3  
 2 Tyler Bozak              Oskar Sundqvist          40     0   2  3  

4 vs 4 Defense
   Defense                  Defense                  Time % Phy DF OF 
 1 Erik Karlsson            Matt Niskanen            60     0   2  3  
 2 Ron Hainsey              Dan Girardi              40     0   2  3  

Last Minutes Offensive
   Center                   Left Wing                Right Wing               Defense                  Defense                  
   Matt Duchene             Kyle Connor              Brayden Schenn           Erik Karlsson            Matt Niskanen            

Last Minutes Defensive
   Center                   Left Wing                Right Wing               Defense                  Defense                  
   Johan Larsson            Pierre-Edouard Bellemare Oskar Sundqvist          Ben Harpur               Ron Hainsey              

Goaltenders
Starting : Alexandar Georgiev       
Backup : Philipp Grubauer         

Extra Forwards
Normal : Nazem Kadri, Jason Zucker, Jason Spezza - PP : Vinnie Hinostroza, Oskar Sundqvist - PK : Pierre-Edouard Bellemare
Extra Defensemen
Normal : Erik Karlsson, Matt Niskanen, Ron Hainsey - PP : Caleb Jones - PK : Ben Harpur, Dan Girardi
Penalty Shots
Kyle Connor, Matt Duchene, Jason Spezza, Caleb Jones, Vinnie Hinostroza
Custom OT Lines Forwards
Matt Duchene, Kyle Connor, Brayden Schenn, Jason Zucker, Nazem Kadri, Justin Williams, Pierre-Edouard Bellemare, Vinnie Hinostroza, Oskar Sundqvist, Tyler Bozak
Custom OT Lines Defensemen
Erik Karlsson, Matt Niskanen, Ron Hainsey, Dan Girardi, Ben Harpur

Scratches
Tyler Graovac (Healthy), Alex Nedeljkovic (Healthy)

Lightning

5 vs 5 Forward 
   Center                   Left Wing                Right Wing               Time % Phy DF OF 
 1 Ryan Nugent-Hopkins      Nicolas Deslauriers      Nick Foligno             30     1   2  2  
 2 Mikko Koivu              Jon Marchessault         Ryan Dzingel             30     1   2  2  
 3 Matt Cullen              Cedric Paquette          Andrew Cogliano          20     1   2  2  
 4 Chris Wagner             Tyson Jost               Alexander True           20     1   2  2  

5 vs 5 Defense 
   Defense                  Defense                                           Time % Phy DF OF 
 1 Michael Stone            Parker Wotherspoon                                42     1   2  2  
 2 Colin Miller             Andrej Sekera                                     33     1   2  2  
 3 Michael Stone            Noah Hanifin                                      25     1   2  2  
 4 Noah Hanifin             Parker Wotherspoon                                0      1   2  2  

PowerPlay Forward 
   Center                   Left Wing                Right Wing               Time % Phy DF OF 
 1 Ryan Nugent-Hopkins      Nicolas Deslauriers      Nick Foligno             60     1   2  2  
 2 Mikko Koivu              Jon Marchessault         Ryan Dzingel             40     1   2  2  

PowerPlay Defense
   Defense                  Defense                                           Time % Phy DF OF 
 1 Michael Stone            Parker Wotherspoon                                60     1   2  2  
 2 Colin Miller             Andrej Sekera                                     40     1   2  2  

Penalty Kill 4 Players Forward 
   Center                   Wing                     Time % Phy DF OF 
 1 Cedric Paquette          Matt Cullen              60     1   2  2  
 2 Tyson Jost               Ryan Dzingel             40     1   2  2  

Penalty Kill 4 Players Defense
   Defense                  Defense                  Time % Phy DF OF 
 1 Michael Stone            Parker Wotherspoon       60     1   2  2  
 2 Colin Miller             Andrej Sekera            40     1   2  2  

Penalty Kill - 3 Players Forward 
   Forward                                           Time % Phy DF OF 
 1 Cedric Paquette                                   60     1   2  2  
 2 Alexander True                                    40     1   2  2  

Penalty Kill - 3 Players Defense
   Defense                  Defense                  Time % Phy DF OF 
 1 Michael Stone            Parker Wotherspoon       60     1   2  2  
 2 Colin Miller             Andrej Sekera            40     1   2  2  

4 vs 4 Forward 
   Center                   Wing                     Time % Phy DF OF 
 1 Chris Wagner             Nicolas Deslauriers      60     1   2  2  
 2 Alexander True           Nick Foligno             40     1   2  2  

4 vs 4 Defense
   Defense                  Defense                  Time % Phy DF OF 
 1 Michael Stone            Parker Wotherspoon       60     1   2  2  
 2 Colin Miller             Andrej Sekera            40     1   2  2  

Last Minutes Offensive
   Center                   Left Wing                Right Wing               Defense                  Defense                  
   Mikko Koivu              Ryan Nugent-Hopkins      Nick Foligno             Noah Hanifin             Andrej Sekera            

Last Minutes Defensive
   Center                   Left Wing                Right Wing               Defense                  Defense                  
   Cedric Paquette          Matt Cullen              Alexander True           Michael Stone            Colin Miller             

Goaltenders
Starting : Jake Oettinger           
Backup : Braden Holtby            

Extra Forwards
Normal : Matt Cullen, Cedric Paquette, Andrew Cogliano - PP : Matt Cullen, Cedric Paquette - PK : Andrew Cogliano
Extra Defensemen
Normal : Michael Stone, Nicolas Deslauriers, Colin Miller - PP : Michael Stone - PK : Nicolas Deslauriers, Colin Miller
Penalty Shots
Andrew Cogliano, Ryan Nugent-Hopkins, Mikko Koivu, Nick Foligno, Jon Marchessault
Custom OT Lines Forwards
Nicolas Deslauriers, Ryan Nugent-Hopkins, Mikko Koivu, Nick Foligno, Jon Marchessault, Ryan Dzingel, Matt Cullen, Cedric Paquette, Andrew Cogliano, Chris Wagner
Custom OT Lines Defensemen
Noah Hanifin, Parker Wotherspoon, Colin Miller, Andrej Sekera, Michael Stone

Scratches
Johnny Boychuk (Healthy), Tyler Seguin (Healthy), Radko Gudas (Sprained Left Finger Injury)

% Time on Ice - Rangers

Lines # - Real PCT - Wanted PCT - Time Play
Normal Forward
1 - 32% - 35% - 15:54
2 - 30% - 32% - 14:45
3 - 23% - 23% - 11:16
4 - 15% - 10% - 7:17
Normal Defense
1 - 40% - 40% - 19:51
2 - 30% - 29% - 14:39
3 - 21% - 20% - 10:16
4 - 9% - 11% - 4:26
PP Forward
1 - 26% - 60% - 0:27
2 - 74% - 40% - 1:16
PP Defense
1 - 29% - 60% - 0:30
2 - 71% - 40% - 1:13
PK Forward
1 - 66% - 60% - 5:16
2 - 34% - 40% - 2:40
PK Defense
1 - 63% - 60% - 5:01
2 - 37% - 40% - 2:55
PK3 Forward
1 - 0% - 60%
2 - 0% - 40%
PK3 Defense
1 - 0% - 60%
2 - 0% - 40%
44 Forward
1 - 0% - 60%
2 - 0% - 40%
44 Defense
1 - 0% - 60%
2 - 0% - 40%
Last Minute Offensive  - 0:00
Last Minute Defensive  - 1:09
Total
Forward - 60:00
Defense - 60:00

% Time on Ice - Lightning

Lines # - Real PCT - Wanted PCT - Time Play
Normal Forward
1 - 31% - 30% - 15:30
2 - 30% - 30% - 14:36
3 - 17% - 20% - 8:35
4 - 21% - 20% - 10:35
Normal Defense
1 - 38% - 42% - 18:41
2 - 36% - 33% - 17:37
3 - 19% - 25% - 9:32
4 - 7% - 0% - 3:26
PP Forward
1 - 53% - 60% - 4:14
2 - 47% - 40% - 3:42
PP Defense
1 - 54% - 60% - 4:17
2 - 46% - 40% - 3:39
PK Forward
1 - 80% - 60% - 1:22
2 - 20% - 40% - 0:21
PK Defense
1 - 20% - 60% - 0:21
2 - 80% - 40% - 1:22
PK3 Forward
1 - 0% - 60%
2 - 0% - 40%
PK3 Defense
1 - 0% - 60%
2 - 0% - 40%
44 Forward
1 - 0% - 60%
2 - 0% - 40%
44 Defense
1 - 0% - 60%
2 - 0% - 40%
Last Minute Offensive  - 1:05
Last Minute Defensive  - 0:00
Total
Forward - 60:00
Defense - 60:00

Play-by-Play

1st period


0:01 of 1st period - Matt Duchene wins face-off versus Ryan Nugent-Hopkins in neutral zone.
0:27 of 1st period - Matt Niskanen is hit by Jon Marchessault and loses puck.
0:49 of 1st period - Off-side.
0:50 of 1st period - Tyler Bozak wins face-off versus Matt Cullen in neutral zone.
1:28 of 1st period - Icing by Oskar Sundqvist.
1:29 of 1st period - Jason Spezza wins face-off versus Mikko Koivu in Rangers zone.
1:38 of 1st period - Slapshot by Oskar Sundqvist.
1:38 of 1st period - Shot Misses the Net.
1:40 of 1st period - Slapshot by Caleb Jones.
1:40 of 1st period - Shot Hit the Post.
1:42 of 1st period - Slapshot by Adam Pelech.
1:42 of 1st period - Shot Misses the Net.
1:44 of 1st period - Slapshot by Adam Pelech.
1:44 of 1st period - Shot Blocked by Colin Miller.
1:46 of 1st period - Snap shot by Caleb Jones.
1:46 of 1st period - Shot Misses the Net.
1:48 of 1st period - Slapshot by Caleb Jones.
1:48 of 1st period - Shot Misses the Net.
1:50 of 1st period - Slapshot by Pierre-Edouard Bellemare.
1:50 of 1st period - Shot Misses the Net.
1:52 of 1st period - Slapshot by Caleb Jones.
1:52 of 1st period - Stopped by Jake Oettinger with a rebound.
2:11 of 1st period - Snap shot by Oskar Sundqvist.
2:11 of 1st period - Stopped by Jake Oettinger without a rebound.
2:12 of 1st period - Ryan Nugent-Hopkins wins face-off versus Matt Duchene in Lightning zone.
2:42 of 1st period - Slapshot by Nazem Kadri.
2:42 of 1st period - Stopped by Jake Oettinger with a rebound.
3:18 of 1st period - Brayden Schenn is hit by Colin Miller and loses puck.
4:20 of 1st period - Alexander True is hit by Matt Niskanen and loses puck.
4:21 of 1st period - Alexander True from Lightning is injured at 4:21 of 1st period (Chest/Ribs).
4:22 of 1st period - Ryan Nugent-Hopkins wins face-off versus Matt Duchene in Lightning zone.
4:37 of 1st period - Snap shot by Ryan Nugent-Hopkins.
4:37 of 1st period - Stopped by Alexandar Georgiev without a rebound.
4:38 of 1st period - Matt Cullen wins face-off versus Nazem Kadri in Rangers zone.
5:18 of 1st period - Minor Penalty to Ben Harpur for Boarding.
5:19 of 1st period - Ryan Nugent-Hopkins wins face-off versus Johan Larsson in Rangers zone.
5:24 of 1st period - Wrist shot by Nick Foligno.
5:24 of 1st period - Shot Blocked by Ron Hainsey.
5:26 of 1st period - Wrist shot by Nicolas Deslauriers.
5:26 of 1st period - Shot Misses the Net.
5:28 of 1st period - Wrist shot by Michael Stone.
5:28 of 1st period - Shot Blocked by Ron Hainsey.
6:04 of 1st period - Ron Hainsey is hit by Nick Foligno and loses puck.
7:01 of 1st period - Michael Stone is hit by Matt Niskanen and loses puck.
7:06 of 1st period - Wrist shot by Kyle Connor.
7:06 of 1st period - Stopped by Jake Oettinger without a rebound.
7:07 of 1st period - Kyle Connor wins face-off versus Mikko Koivu in Lightning zone.
7:18 of 1st period - Penalty to Ben Harpur is over, Ben Harpur is back on ice.
7:52 of 1st period - Snap shot by Tyler Bozak.
7:52 of 1st period - Shot Misses the Net.
8:08 of 1st period - Michael Stone is hit by Brayden Schenn and loses puck.
8:22 of 1st period - Icing by Michael Stone.
8:23 of 1st period - Ryan Nugent-Hopkins wins face-off versus Nazem Kadri in Lightning zone.
8:28 of 1st period - Wrist shot by Jason Zucker.
8:28 of 1st period - Stopped by Jake Oettinger with a rebound.
8:32 of 1st period - Snap shot by Jason Zucker.
8:32 of 1st period - Shot Misses the Net.
8:34 of 1st period - Snap shot by Justin Williams.
8:34 of 1st period - Stopped by Jake Oettinger with a rebound.
8:36 of 1st period - Slapshot by Caleb Jones.
8:36 of 1st period - Shot Misses the Net.
8:38 of 1st period - Slapshot by Caleb Jones.
8:38 of 1st period - Deflect By Ryan Nugent-Hopkins.
8:38 of 1st period - Stopped by Jake Oettinger without a rebound.
8:39 of 1st period - Mikko Koivu wins face-off versus Matt Duchene in Lightning zone.
8:46 of 1st period - Snap shot by Ryan Dzingel.
8:46 of 1st period - Stopped by Alexandar Georgiev with a rebound.
8:48 of 1st period - Slapshot by Andrej Sekera.
8:48 of 1st period - Shot Misses the Net.
8:50 of 1st period - Wrist shot by Jon Marchessault.
8:50 of 1st period - Shot Misses the Net.
8:52 of 1st period - Slapshot by Andrej Sekera.
8:52 of 1st period - Stopped by Alexandar Georgiev without a rebound.
8:53 of 1st period - Nazem Kadri wins face-off versus Mikko Koivu in Rangers zone.
9:23 of 1st period - Snap shot by Ryan Nugent-Hopkins.
9:23 of 1st period - Stopped by Alexandar Georgiev without a rebound.
9:24 of 1st period - Tyler Bozak wins face-off versus Nicolas Deslauriers in Rangers zone.
9:37 of 1st period - Wrist shot by Johan Larsson.
9:37 of 1st period - Deflect By Vinnie Hinostroza.
9:37 of 1st period - Shot Misses the Net.
9:37 of 1st period - Puck is out of play.
9:38 of 1st period - Mikko Koivu wins face-off versus Matt Duchene in Lightning zone.
11:33 of 1st period - Minor Penalty to Nazem Kadri for Roughing.
11:34 of 1st period - Johan Larsson wins face-off versus Ryan Nugent-Hopkins in Rangers zone.
11:34 of 1st period - Johan Larsson is hit by Nicolas Deslauriers.
13:10 of 1st period - Andrej Sekera is hit by Johan Larsson and loses puck.
13:33 of 1st period - Penalty to Nazem Kadri is over, Nazem Kadri is back on ice.
13:45 of 1st period - Wrist shot by Nazem Kadri.
13:45 of 1st period - Shot Misses the Net.
15:06 of 1st period - Michael Stone is hit by Vinnie Hinostroza and loses puck.
15:17 of 1st period - Snap shot by Jon Marchessault.
15:17 of 1st period - Stopped by Alexandar Georgiev without a rebound.
15:18 of 1st period - Matt Duchene wins face-off versus Mikko Koivu in Rangers zone.
15:48 of 1st period - Backhand shot by Nazem Kadri.
15:48 of 1st period - Shot Misses the Net.
15:50 of 1st period - Wrist shot by Jason Zucker.
15:50 of 1st period - Deflect By Nick Foligno.
15:50 of 1st period - Stopped by Jake Oettinger without a rebound.
15:51 of 1st period - Matt Duchene wins face-off versus Mikko Koivu in Lightning zone.
17:01 of 1st period - Brayden Schenn is hit by Cedric Paquette and loses puck.
17:16 of 1st period - Slapshot by Andrew Cogliano.
17:16 of 1st period - Stopped by Alexandar Georgiev with a rebound.
17:18 of 1st period - Snap shot by Matt Cullen.
17:18 of 1st period - Deflect By Cedric Paquette.
17:18 of 1st period - Goal by Cedric Paquette - Rangers : 0 - Lightning : 1.
17:19 of 1st period - Mikko Koivu wins face-off versus Nazem Kadri in neutral zone.
17:31 of 1st period - Slapshot by Erik Karlsson.
17:31 of 1st period - Deflect By Jason Zucker.
17:31 of 1st period - Shot Misses the Net.
17:31 of 1st period - Puck is out of play.
17:32 of 1st period - Nazem Kadri wins face-off versus Ryan Nugent-Hopkins in Lightning zone.
17:37 of 1st period - Wrist shot by Jason Zucker.
17:37 of 1st period - Goal by Jason Zucker - Rangers : 1 - Lightning : 1.
17:38 of 1st period - Matt Duchene wins face-off versus Ryan Nugent-Hopkins in neutral zone.
17:47 of 1st period - Wrist shot by Kyle Connor.
17:47 of 1st period - Stopped by Jake Oettinger with a rebound.
17:53 of 1st period - Snap shot by Matt Duchene.
17:53 of 1st period - Stopped by Jake Oettinger without a rebound.
17:54 of 1st period - Nazem Kadri wins face-off versus Mikko Koivu in Lightning zone.
18:21 of 1st period - Wrist shot by Brayden Schenn.
18:21 of 1st period - Shot Misses the Net.
18:49 of 1st period - Slapshot by Chris Wagner.
18:49 of 1st period - Shot Misses the Net.
18:51 of 1st period - Slapshot by Michael Stone.
18:51 of 1st period - Stopped by Alexandar Georgiev without a rebound.
18:51 of 1st period - Minor Penalty to Alexandar Georgiev for Slashing.
18:52 of 1st period - Johan Larsson wins face-off versus Ryan Nugent-Hopkins in Rangers zone.
19:01 of 1st period - Ron Hainsey is hit by Nick Foligno and loses puck.
19:20 of 1st period - Snap shot by Matt Niskanen.
19:20 of 1st period - Shot Misses the Net.
19:28 of 1st period - Matt Niskanen is hit by Ryan Dzingel and loses puck.
Goals for this period are 1 for Rangers vs 1 for Lightning.
Shots for this period are 11 for Rangers vs 8 for Lightning.

2nd period


0:01 of 2nd period - Oskar Sundqvist wins face-off versus Ryan Nugent-Hopkins in neutral zone.
0:26 of 2nd period - Ron Hainsey is hit by Parker Wotherspoon and loses puck.
0:39 of 2nd period - Parker Wotherspoon is hit by Tyler Bozak and loses puck.
0:51 of 2nd period - Penalty to Dan Girardi is over, Dan Girardi is back on ice.
0:52 of 2nd period - Nicolas Deslauriers is hit by Matt Niskanen and loses puck.
0:56 of 2nd period - Icing by Colin Miller.
0:57 of 2nd period - Ryan Nugent-Hopkins wins face-off versus Nazem Kadri in Lightning zone.
1:02 of 2nd period - Snap shot by Nick Foligno.
1:02 of 2nd period - Shot Misses the Net.
1:18 of 2nd period - Matt Cullen is hit by Brayden Schenn and loses puck.
1:42 of 2nd period - Slapshot by Mikko Koivu.
1:42 of 2nd period - Stopped by Alexandar Georgiev with a rebound.
1:44 of 2nd period - Slapshot by Mikko Koivu.
1:44 of 2nd period - Stopped by Alexandar Georgiev without a rebound.
1:45 of 2nd period - Nazem Kadri wins face-off versus Ryan Nugent-Hopkins in Rangers zone.
1:52 of 2nd period - Snap shot by Nazem Kadri.
1:52 of 2nd period - Stopped by Jake Oettinger without a rebound.
1:53 of 2nd period - Nazem Kadri wins face-off versus Ryan Nugent-Hopkins in Lightning zone.
1:58 of 2nd period - Wrist shot by Nazem Kadri.
1:58 of 2nd period - Shot Blocked by Parker Wotherspoon.
2:34 of 2nd period - Wrist shot by Nick Foligno.
2:34 of 2nd period - Stopped by Alexandar Georgiev with a rebound.
2:40 of 2nd period - Backhand shot by Nick Foligno.
2:40 of 2nd period - Shot Misses the Net.
2:42 of 2nd period - Slapshot by Parker Wotherspoon.
2:42 of 2nd period - Shot Misses the Net.
2:48 of 2nd period - Slapshot by Nick Foligno.
2:48 of 2nd period - Stopped by Alexandar Georgiev with a rebound.
2:50 of 2nd period - Slapshot by Michael Stone.
2:50 of 2nd period - Shot Blocked by Dan Girardi.
2:52 of 2nd period - Slapshot by Nicolas Deslauriers.
2:52 of 2nd period - Stopped by Alexandar Georgiev without a rebound.
2:53 of 2nd period - Matt Duchene wins face-off versus Mikko Koivu in Rangers zone.
2:53 of 2nd period - Matt Duchene is hit by Mikko Koivu.
3:30 of 2nd period - Johan Larsson is hit by Chris Wagner.
4:56 of 2nd period - Wrist shot by Vinnie Hinostroza.
4:56 of 2nd period - Shot Blocked by Andrej Sekera.
5:28 of 2nd period - Matt Niskanen is hit by Ryan Dzingel and loses puck.
6:58 of 2nd period - Icing by Mikko Koivu.
6:59 of 2nd period - Mikko Koivu wins face-off versus Matt Duchene in Lightning zone.
7:35 of 2nd period - Wrist shot by Matt Duchene.
7:35 of 2nd period - Goal by Matt Duchene - Rangers : 2 - Lightning : 1.
7:36 of 2nd period - Mikko Koivu wins face-off versus Nazem Kadri in neutral zone.
8:22 of 2nd period - Wrist shot by Tyler Bozak.
8:22 of 2nd period - Shot Blocked by Tyson Jost.
8:24 of 2nd period - Snap shot by Johan Larsson.
8:24 of 2nd period - Stopped by Jake Oettinger with a rebound.
8:26 of 2nd period - Snap shot by Vinnie Hinostroza.
8:26 of 2nd period - Deflect By Tyler Bozak.
8:26 of 2nd period - Stopped by Jake Oettinger with a rebound.
8:28 of 2nd period - Slapshot by Johan Larsson.
8:28 of 2nd period - Shot Misses the Net.
8:30 of 2nd period - Snap shot by Vinnie Hinostroza.
8:30 of 2nd period - Shot Misses the Net.
8:32 of 2nd period - Snap shot by Johan Larsson.
8:32 of 2nd period - Goal by Johan Larsson - Rangers : 3 - Lightning : 1.
8:33 of 2nd period - Nazem Kadri wins face-off versus Mikko Koivu in neutral zone.
8:40 of 2nd period - Mikko Koivu is hit by Justin Williams and loses puck.
9:08 of 2nd period - Wrist shot by Vinnie Hinostroza.
9:08 of 2nd period - Shot Blocked by Michael Stone.
9:50 of 2nd period - Snap shot by Chris Wagner.
9:50 of 2nd period - Stopped by Alexandar Georgiev with a rebound.
9:52 of 2nd period - Slapshot by Chris Wagner.
9:52 of 2nd period - Shot Misses the Net.
10:06 of 2nd period - Wrist shot by Mikko Koivu.
10:06 of 2nd period - Shot Misses the Net.
10:08 of 2nd period - Snap shot by Mikko Koivu.
10:08 of 2nd period - Shot Misses the Net.
10:10 of 2nd period - Snap shot by Jon Marchessault.
10:10 of 2nd period - Shot Misses the Net.
10:12 of 2nd period - Slapshot by Andrej Sekera.
10:12 of 2nd period - Deflect By Ryan Dzingel.
10:12 of 2nd period - Stopped by Alexandar Georgiev with a rebound.
10:24 of 2nd period - Slapshot by Vinnie Hinostroza.
10:24 of 2nd period - Stopped by Jake Oettinger with a rebound.
10:26 of 2nd period - Slapshot by Dan Girardi.
10:26 of 2nd period - Stopped by Jake Oettinger without a rebound.
10:27 of 2nd period - Tyler Bozak wins face-off versus Ryan Nugent-Hopkins in Lightning zone.
11:02 of 2nd period - Snap shot by Vinnie Hinostroza.
11:02 of 2nd period - Shot Misses the Net.
11:04 of 2nd period - Slapshot by Adam Pelech.
11:04 of 2nd period - Stopped by Jake Oettinger with a rebound.
11:06 of 2nd period - Snap shot by Tyler Bozak.
11:06 of 2nd period - Stopped by Jake Oettinger without a rebound.
11:07 of 2nd period - Nazem Kadri wins face-off versus Mikko Koivu in Lightning zone.
11:16 of 2nd period - Snap shot by Mikko Koivu.
11:16 of 2nd period - Shot Misses the Net.
11:18 of 2nd period - Slapshot by Parker Wotherspoon.
11:18 of 2nd period - Deflect By Mikko Koivu.
11:18 of 2nd period - Stopped by Alexandar Georgiev without a rebound.
11:19 of 2nd period - Matt Duchene wins face-off versus Jon Marchessault in Rangers zone.
11:34 of 2nd period - Slapshot by Erik Karlsson.
11:34 of 2nd period - Stopped by Jake Oettinger without a rebound.
11:35 of 2nd period - Nazem Kadri wins face-off versus Matt Cullen in Lightning zone.
11:42 of 2nd period - Snap shot by Nazem Kadri.
11:42 of 2nd period - Shot Misses the Net.
12:00 of 2nd period - Matt Niskanen is hit by Jon Marchessault.
12:12 of 2nd period - Wrist shot by Jon Marchessault.
12:12 of 2nd period - Shot Misses the Net.
12:14 of 2nd period - Slapshot by Michael Stone.
12:14 of 2nd period - Shot Misses the Net.
12:28 of 2nd period - Tyler Bozak is hit by Colin Miller and loses puck.
13:17 of 2nd period - Snap shot by Ryan Dzingel.
13:17 of 2nd period - Stopped by Alexandar Georgiev without a rebound.
13:18 of 2nd period - Mikko Koivu wins face-off versus Kyle Connor in Rangers zone.
13:21 of 2nd period - Wrist shot by Jon Marchessault.
13:21 of 2nd period - Shot Blocked by Kyle Connor.
13:45 of 2nd period - Jason Zucker is hit by Parker Wotherspoon and loses puck.
14:09 of 2nd period - Slapshot by Ron Hainsey.
14:09 of 2nd period - Shot Blocked by Nicolas Deslauriers.
14:11 of 2nd period - Slapshot by Tyler Bozak.
14:11 of 2nd period - Stopped by Jake Oettinger without a rebound.
14:12 of 2nd period - Mikko Koivu wins face-off versus Matt Duchene in Lightning zone.
14:27 of 2nd period - Brayden Schenn is hit by Ryan Dzingel and loses puck.
14:40 of 2nd period - Snap shot by Ryan Dzingel.
14:40 of 2nd period - Shot Misses the Net.
14:42 of 2nd period - Wrist shot by Cedric Paquette.
14:42 of 2nd period - Goal by Cedric Paquette - Rangers : 3 - Lightning : 2.
14:43 of 2nd period - Nazem Kadri wins face-off versus Ryan Nugent-Hopkins in neutral zone.
14:50 of 2nd period - Snap shot by Erik Karlsson.
14:50 of 2nd period - Deflect By Ryan Nugent-Hopkins.
14:50 of 2nd period - Stopped by Jake Oettinger without a rebound.
14:51 of 2nd period - Nazem Kadri wins face-off versus Ryan Nugent-Hopkins in Lightning zone.
14:52 of 2nd period - Slapshot by Erik Karlsson.
14:52 of 2nd period - Deflect By Justin Williams.
14:52 of 2nd period - Shot Misses the Net.
14:52 of 2nd period - Puck is out of play.
14:53 of 2nd period - Ryan Nugent-Hopkins wins face-off versus Nazem Kadri in Lightning zone.
15:04 of 2nd period - Wrist shot by Ryan Nugent-Hopkins.
15:04 of 2nd period - Stopped by Alexandar Georgiev with a rebound.
15:06 of 2nd period - Snap shot by Nicolas Deslauriers.
15:06 of 2nd period - Stopped by Alexandar Georgiev with a rebound.
15:08 of 2nd period - Wrist shot by Nicolas Deslauriers.
15:08 of 2nd period - Shot Misses the Net.
15:18 of 2nd period - Snap shot by Ryan Nugent-Hopkins.
15:18 of 2nd period - Shot Misses the Net.
15:20 of 2nd period - Slapshot by Michael Stone.
15:20 of 2nd period - Stopped by Alexandar Georgiev without a rebound.
15:21 of 2nd period - Matt Duchene wins face-off versus Matt Cullen in Rangers zone.
15:21 of 2nd period - Matt Duchene is hit by Cedric Paquette.
15:24 of 2nd period - Minor Penalty to Ben Harpur for Hooking.
15:25 of 2nd period - Johan Larsson wins face-off versus Ryan Nugent-Hopkins in Rangers zone.
15:33 of 2nd period - Nicolas Deslauriers is hit by Oskar Sundqvist and loses puck.
16:48 of 2nd period - Slapshot by Erik Karlsson.
16:48 of 2nd period - Stopped by Jake Oettinger with a rebound.
17:16 of 2nd period - Dan Girardi is hit by Colin Miller and loses puck.
17:24 of 2nd period - Penalty to Ben Harpur is over, Ben Harpur is back on ice.
17:44 of 2nd period - Tyson Jost is hit by Caleb Jones and loses puck.
19:34 of 2nd period - Michael Stone is hit by Brayden Schenn and loses puck.
19:42 of 2nd period - Icing by Matt Cullen.
19:43 of 2nd period - Matt Cullen wins face-off versus Nazem Kadri in Lightning zone.
Goals for this period are 2 for Rangers vs 1 for Lightning.
Shots for this period are 13 for Rangers vs 13 for Lightning.

3rd period


0:01 of 3rd period - Mikko Koivu wins face-off versus Matt Duchene in neutral zone.
0:04 of 3rd period - Slapshot by Jon Marchessault.
0:04 of 3rd period - Stopped by Alexandar Georgiev without a rebound.
0:05 of 3rd period - Matt Duchene wins face-off versus Jon Marchessault in Rangers zone.
0:10 of 3rd period - Jon Marchessault is hit by Erik Karlsson and loses puck.
0:21 of 3rd period - Snap shot by Matt Duchene.
0:21 of 3rd period - Stopped by Jake Oettinger with a rebound.
0:31 of 3rd period - Snap shot by Jason Zucker.
0:31 of 3rd period - Shot Misses the Net.
1:03 of 3rd period - Ron Hainsey is hit by Michael Stone and loses puck.
1:19 of 3rd period - Icing by Andrej Sekera.
1:20 of 3rd period - Matt Duchene wins face-off versus Chris Wagner in Lightning zone.
1:23 of 3rd period - Snap shot by Brayden Schenn.
1:23 of 3rd period - Shot Misses the Net.
1:25 of 3rd period - Wrist shot by Brayden Schenn.
1:25 of 3rd period - Shot Misses the Net.
1:27 of 3rd period - Slapshot by Caleb Jones.
1:27 of 3rd period - Shot Blocked by Andrew Cogliano.
1:29 of 3rd period - Slapshot by Brayden Schenn.
1:29 of 3rd period - Stopped by Jake Oettinger with a rebound.
1:31 of 3rd period - Wrist shot by Brayden Schenn.
1:31 of 3rd period - Stopped by Jake Oettinger with a rebound.
1:33 of 3rd period - Slapshot by Adam Pelech.
1:33 of 3rd period - Shot Blocked by Andrew Cogliano.
1:35 of 3rd period - Wrist shot by Kyle Connor.
1:35 of 3rd period - Stopped by Jake Oettinger with a rebound.
1:37 of 3rd period - Slapshot by Caleb Jones.
1:37 of 3rd period - Shot Misses the Net.
1:44 of 3rd period - Icing by Colin Miller.
1:45 of 3rd period - Mikko Koivu wins face-off versus Nazem Kadri in Lightning zone.
2:18 of 3rd period - Matt Niskanen is hit by Ryan Nugent-Hopkins.
3:19 of 3rd period - Nazem Kadri is hit by Mikko Koivu and loses puck.
3:40 of 3rd period - Noah Hanifin is hit by Brayden Schenn and loses puck.
4:42 of 3rd period - Justin Williams is hit by Matt Cullen and loses puck.
5:52 of 3rd period - Snap shot by Matt Duchene.
5:52 of 3rd period - Stopped by Jake Oettinger with a rebound.
5:54 of 3rd period - Snap shot by Matt Duchene.
5:54 of 3rd period - Stopped by Jake Oettinger without a rebound.
5:55 of 3rd period - Tyler Bozak wins face-off versus Chris Wagner in Lightning zone.
5:58 of 3rd period - Snap shot by Tyler Bozak.
5:58 of 3rd period - Shot Blocked by Noah Hanifin.
6:00 of 3rd period - Snap shot by Tyler Bozak.
6:00 of 3rd period - Stopped by Jake Oettinger without a rebound.
6:01 of 3rd period - Tyler Bozak wins face-off versus Mikko Koivu in Lightning zone.
7:10 of 3rd period - Minor Penalty to Nicolas Deslauriers for Holding.
7:11 of 3rd period - Cedric Paquette wins face-off versus Matt Duchene in Lightning zone.
8:22 of 3rd period - Matt Cullen is hit by Ron Hainsey and loses puck.
8:53 of 3rd period - Wrist shot by Justin Williams.
8:53 of 3rd period - Deflect By Nazem Kadri.
8:53 of 3rd period - Goal by Nazem Kadri - Rangers : 4 - Lightning : 2.
8:54 of 3rd period - Mikko Koivu wins face-off versus Brayden Schenn in neutral zone.
9:08 of 3rd period - Snap shot by Brayden Schenn.
9:08 of 3rd period - Stopped by Jake Oettinger without a rebound.
9:09 of 3rd period - Tyler Bozak wins face-off versus Nicolas Deslauriers in Lightning zone.
9:12 of 3rd period - Slapshot by Tyler Bozak.
9:12 of 3rd period - Stopped by Jake Oettinger without a rebound.
9:13 of 3rd period - Tyler Bozak wins face-off versus Ryan Nugent-Hopkins in Lightning zone.
9:45 of 3rd period - Wrist shot by Kyle Connor.
9:45 of 3rd period - Shot Hit the Post.
10:30 of 3rd period - Snap shot by Pierre-Edouard Bellemare.
10:30 of 3rd period - Shot Misses the Net.
10:46 of 3rd period - Snap shot by Vinnie Hinostroza.
10:46 of 3rd period - Shot Blocked by Michael Stone.
10:48 of 3rd period - Snap shot by Johan Larsson.
10:48 of 3rd period - Stopped by Jake Oettinger with a rebound.
10:50 of 3rd period - Snap shot by Johan Larsson.
10:50 of 3rd period - Shot Misses the Net.
10:52 of 3rd period - Wrist shot by Johan Larsson.
10:52 of 3rd period - Stopped by Jake Oettinger without a rebound.
10:53 of 3rd period - Ryan Dzingel wins face-off versus Matt Duchene in Lightning zone.
10:53 of 3rd period - Ryan Dzingel is hit by Brayden Schenn.
10:59 of 3rd period - Erik Karlsson is hit by Mikko Koivu.
11:03 of 3rd period - Erik Karlsson is hit by Jon Marchessault and loses puck.
11:22 of 3rd period - Andrej Sekera is hit by Jason Zucker and loses puck.
11:28 of 3rd period - Icing by Nick Foligno.
11:29 of 3rd period - Ryan Nugent-Hopkins wins face-off versus Nazem Kadri in Lightning zone.
11:52 of 3rd period - Snap shot by Ryan Nugent-Hopkins.
11:52 of 3rd period - Deflect By Nick Foligno.
11:52 of 3rd period - Stopped by Alexandar Georgiev with a rebound.
12:17 of 3rd period - Off-side.
12:18 of 3rd period - Matt Cullen wins face-off versus Matt Duchene in neutral zone.
12:21 of 3rd period - Brayden Schenn is hit by Andrew Cogliano and loses puck.
12:28 of 3rd period - Noah Hanifin is hit by Brayden Schenn and loses puck.
12:35 of 3rd period - Snap shot by Kyle Connor.
12:35 of 3rd period - Stopped by Jake Oettinger with a rebound.
14:16 of 3rd period - Snap shot by Nazem Kadri.
14:16 of 3rd period - Shot Blocked by Nick Foligno.
14:18 of 3rd period - Backhand shot by Ron Hainsey.
14:18 of 3rd period - Shot Misses the Net.
14:20 of 3rd period - Slapshot by Ron Hainsey.
14:20 of 3rd period - Deflect By Jason Zucker.
14:20 of 3rd period - Stopped by Jake Oettinger with a rebound.
14:22 of 3rd period - Slapshot by Ron Hainsey.
14:22 of 3rd period - Shot Misses the Net.
14:24 of 3rd period - Snap shot by Jason Zucker.
14:24 of 3rd period - Stopped by Jake Oettinger without a rebound.
14:25 of 3rd period - Matt Duchene wins face-off versus Mikko Koivu in Lightning zone.
15:25 of 3rd period - Matt Niskanen is hit by Ryan Nugent-Hopkins and loses puck.
16:12 of 3rd period - Snap shot by Andrew Cogliano.
16:12 of 3rd period - Shot Misses the Net.
16:21 of 3rd period - Icing by Caleb Jones.
16:22 of 3rd period - Mikko Koivu wins face-off versus Matt Duchene in Rangers zone.
16:49 of 3rd period - Justin Williams is hit by Colin Miller and loses puck.
16:54 of 3rd period - Backhand shot by Mikko Koivu.
16:54 of 3rd period - Goal by Mikko Koivu - Rangers : 4 - Lightning : 3.
16:55 of 3rd period - Tyler Bozak wins face-off versus Matt Cullen in neutral zone.
17:06 of 3rd period - Off-side.
17:07 of 3rd period - Matt Cullen wins face-off versus Tyler Bozak in neutral zone.
17:20 of 3rd period - Snap shot by Andrew Cogliano.
17:20 of 3rd period - Shot Blocked by Matt Niskanen.
17:22 of 3rd period - Snap shot by Matt Cullen.
17:22 of 3rd period - Stopped by Alexandar Georgiev with a rebound.
18:15 of 3rd period - Matt Duchene is hit by Michael Stone and loses puck.
18:59 of 3rd period - Backhand shot by Johan Larsson.
18:59 of 3rd period - Stopped by Jake Oettinger with a rebound.
19:01 of 3rd period - Wrist shot by Adam Pelech.
19:01 of 3rd period - Deflect By Johan Larsson.
19:01 of 3rd period - Stopped by Jake Oettinger without a rebound.
19:02 of 3rd period - Ken Hitchcock call a timeout for Lightning.
19:02 of 3rd period - Mikko Koivu wins face-off versus Johan Larsson in Lightning zone.
19:07 of 3rd period - Ryan Nugent-Hopkins is hit by Ben Harpur.
19:14 of 3rd period - Off-side.
19:15 of 3rd period - Johan Larsson wins face-off versus Mikko Koivu in neutral zone.
19:24 of 3rd period - Snap shot by Oskar Sundqvist.
19:24 of 3rd period - Shot Misses the Net.
19:26 of 3rd period - Wrist shot by Johan Larsson.
19:26 of 3rd period - Stopped by Jake Oettinger without a rebound.
19:27 of 3rd period - Mikko Koivu wins face-off versus Johan Larsson in Lightning zone.
19:41 of 3rd period - Icing by Ron Hainsey.
19:42 of 3rd period - Mikko Koivu wins face-off versus Johan Larsson in Rangers zone.
19:43 of 3rd period - Lightning, Jake Oettinger is pulled from the net.
Goals for this period are 1 for Rangers vs 1 for Lightning.
Shots for this period are 18 for Rangers vs 4 for Lightning. Output by the SimonT Hockey Simulator (STHS) for Alexandre Lamarre - Original Page W3C HTML5 Valid
Hockey Simulator - Hockey Simulation - Hockey Manager